 Dungeon Crawl Stone Soup version 0.27.1-33-g824d729ab1 (webtiles) character file.

Game seed: 16109412772840677564

158 unlimited1921 the Vexing (level 5, -3/41 HPs)
             Began as a Gnoll Arcane Marksman on Dec 30, 2021.
             Slain by Sigmund (8 damage)
             ... on level 2 of the Dungeon.
             The game lasted 00:12:03 (4113 turns).

unlimited1921 the Vexing (Gnoll Arcane Marksman)    Turns: 4113, Time: 00:12:04

Health: -3/41      AC: 10    Str: 10    XL:     5   Next: 40%
Magic:  9/9        EV:  2    Int: 12    God:
Gold:   28         SH:  0    Dex: 13    Spells: 9/10 levels left

rFire    . . .     SeeInvis .   a - +0 hand crossbow
rCold    . . .     Faith    .   (no shield)
rNeg     . . .     Spirit   .   d - +0 plate armour
rPois    .         Reflect  .   (no helmet)
rElec    .         Harm     .   (no cloak)
rCorr    .         Rampage  .   (no gloves)
Will     .....                  (no boots)
Stlth    ..........             (no amulet)
HPRegen  0.13/turn              (no ring)
MPRegen  0.11/turn              (no ring)

@: confused
A: fangs 1, strong nose, distributed training
a: no special abilities


You were on level 2 of the Dungeon.
You visited 1 branch of the dungeon, and saw 2 of its levels.

You collected 28 gold pieces.

Inventory:

Hand Weapons
 a - a +0 hand crossbow (weapon)
 e - a +1 dagger of electrocution
 j - a +0 club
Missiles
 c - 3 bolts (quivered ammo)
Armour
 b - a +0 scale mail
 d - a +0 plate armour (worn)
 g - a +2 robe of cold resistance
 i - the +1 helmet of the Game of Kings {rPois Will- Str-3 Int+6}
   (You took it off Robin on level 2 of the Dungeon)

   Str:       It affects your strength (-3).
   Int:       It affects your intelligence (+6).
   rPois:     It protects you from poison.
   Will:      It decreases your willpower.
Scrolls
 f - 3 scrolls of noise {unknown}
Potions
 h - a potion of haste {unknown}


   Skills:
 + Level 3.0 Fighting
 + Level 1.4 Short Blades
 + Level 1.4 Long Blades
 + Level 1.4 Axes
 + Level 1.4 Maces & Flails
 + Level 1.4 Polearms
 + Level 1.4 Staves
 + Level 1.4 Slings
 + Level 1.4 Bows
 + Level 4.8 Crossbows
 + Level 1.4 Throwing
 + Level 1.4 Armour
 + Level 4.8 Dodging
 + Level 1.4 Stealth
 + Level 1.4 Shields
 + Level 1.4 Unarmed Combat
 + Level 3.1 Spellcasting
 + Level 1.1 Conjurations
 + Level 5.5 Hexes
 + Level 1.1 Summonings
 + Level 1.1 Necromancy
 + Level 1.1 Translocations
 + Level 1.1 Transmutations
 + Level 1.1 Fire Magic
 + Level 1.1 Ice Magic
 + Level 1.1 Air Magic
 + Level 1.1 Earth Magic
 + Level 1.1 Poison Magic
 + Level 1.6 Invocations
 + Level 1.4 Evocations


You had 9 spell levels left.
You knew the following spells:

 Your Spells              Type           Power      Damage    Failure   Level
a - Corona                Hex            16%        N/A       100%        1

Your spell library contained the following spells:

 Spells                   Type           Power      Damage    Failure   Level
 Slow                     Hex            15%        N/A       100%        2
 Inner Flame              Hex/Fire       10%        N/A       100%        3
 Portal Projectile        Hex/Tloc       20%        N/A       100%        3
 Cause Fear               Hex            7%         N/A       100%        4


Dungeon Overview and Level Annotations

Branches:
Dungeon (2/15)

Altars:

Annotations:
D:2 Sigmund


Innate Abilities, Weirdness & Mutations

You have very sharp teeth.
Your uncanny sense of smell can sniff out nearby items.
Your experience applies equally to all skills.


Message History

You bump into the rock wall.
You feel less confused.
You shoot a bolt. The bolt hits Sigmund!
Sigmund is moderately wounded.
You shoot a bolt. The bolt hits Sigmund.
Sigmund is heavily wounded.
Sigmund hits you but does no damage.
You shoot a bolt. The bolt hits Sigmund!
Sigmund is severely wounded.
Sigmund points at you and mumbles some strange words.
The magic dart hits you.
You are too injured to fight recklessly!
You are too injured to fight recklessly!
Sigmund gestures at you while chanting.
You are confused.
You are too injured to fight recklessly!
You are too injured to fight recklessly!
Sigmund says, "Now you see me, now you don't..."
Sigmund casts a spell at you.
The puff of flame hits you but does no damage.
You are too injured to fight recklessly!
Sigmund hits you from afar with a +0 scythe!
* * * LOW HITPOINT WARNING * * *
You are too injured to fight recklessly!
You are too injured to fight recklessly!
Sigmund casts a spell at you. The puff of flame hits you!
* * * LOW HITPOINT WARNING * * *
You bump into the rock wall.
You feel less confused.
Sigmund giggles. "Time to reap what you sow."
Sigmund points at you and mumbles some strange words.
You are confused.
You bump into the rock wall.
Sigmund gestures wildly while chanting.
Sigmund flickers and vanishes!
Deactivating autopickup; reactivate with Ctrl-A.
You bump into the rock wall.
You bump into the rock wall.
Something hits you!
You die...

#†## #.# ##...## #
#..# ##@## ##'## #
##.# ##.#.## #.# #
#.# #.###@# #.# #
#.# #..#.#####.#####
#.# #{#.## #.......#
##.# #.### #.....#.#
...#
#{######....##.#
####
#..@.........#.#####
########.##.........
#.#####.#####
#.......# #########


There were no monsters in sight!

Vanquished Creatures
  Natasha (thrice) (D:1)
  Robin (D:2)
  2 adders (D:2)
  4 dart slugs
  3 bats
  3 endoplasms
  A giant cockroach (D:2)
  8 goblins (D:2)
  7 hobgoblins
  3 jackals (D:2)
  A quokka (D:2)
  2 ball pythons (D:2)
  A frilled lizard (D:1)
  4 kobolds
  4 rats
47 creatures vanquished.

Vanquished Creatures (others)
  6 fungi (D:2)
  9 plants (D:2)
15 creatures vanquished.

Grand Total: 62 creatures vanquished

Notes
Turn   | Place    | Note
-------+----------+-------------------------------------------
     0 | D:1      | unlimited1921 the Gnoll Arcane Marksman began the quest for
                  | the Orb.
     0 | D:1      | Reached XP level 1. HP: 17/17 MP: 4/4
     6 | D:1      | Noticed a black bear
     6 | D:1      | Noticed a killer bee
     6 | D:1      | Noticed a wyvern
     7 | D:1      | Noticed a black mamba
     7 | D:1      | Noticed an iguana
   430 | D:1      | Reached XP level 2. HP: 17/23 MP: 5/5
  1167 | D:2      | Reached XP level 3. HP: 27/28 MP: 7/7
  1251 | D:2      | Identified the +1 helmet of the Game of Kings {rPois Will-
                  | Str-3 Int+6}
  1251 | D:2      | Noticed Robin
  1564 | D:2      | Reached skill level 1 in Invocations
  1568 | D:2      | Killed Robin
  1569 | D:2      | Reached skill level 1 in Short Blades
  1569 | D:2      | Reached skill level 1 in Long Blades
  1569 | D:2      | Reached skill level 1 in Axes
  1569 | D:2      | Reached skill level 1 in Maces & Flails
  1569 | D:2      | Reached skill level 1 in Polearms
  1569 | D:2      | Reached skill level 1 in Staves
  1569 | D:2      | Reached skill level 1 in Slings
  1569 | D:2      | Reached skill level 1 in Bows
  1569 | D:2      | Reached skill level 1 in Throwing
  1569 | D:2      | Reached skill level 1 in Armour
  1569 | D:2      | Reached skill level 1 in Stealth
  1569 | D:2      | Reached skill level 1 in Shields
  1569 | D:2      | Reached skill level 1 in Unarmed Combat
  1569 | D:2      | Reached skill level 1 in Evocations
  1652 | D:2      | Reached XP level 4. HP: 33/34 MP: 8/8
  2350 | D:2      | Found a faded altar of an unknown god.
  2396 | D:2      | Noticed Sigmund
  2402 | D:2      | Noticed Natasha
  2675 | D:1      | Killed Natasha
  2676 | D:1      | Reached skill level 1 in Conjurations
  2676 | D:1      | Reached skill level 1 in Summonings
  2676 | D:1      | Reached skill level 1 in Necromancy
  2676 | D:1      | Reached skill level 1 in Translocations
  2676 | D:1      | Reached skill level 1 in Transmutations
  2676 | D:1      | Reached skill level 1 in Fire Magic
  2676 | D:1      | Reached skill level 1 in Ice Magic
  2676 | D:1      | Reached skill level 1 in Air Magic
  2676 | D:1      | Reached skill level 1 in Earth Magic
  2676 | D:1      | Reached skill level 1 in Poison Magic
  3163 | D:1      | Noticed Natasha
  3166 | D:1      | Killed Natasha
  3167 | D:1      | Reached XP level 5. HP: 35/40 MP: 9/9
  3767 | D:1      | Noticed Natasha
  3775 | D:1      | Killed Natasha
  4113 | D:2      | Slain by Sigmund

Illustrated notes

Levels and vault maps discovered:
D:1:      onia_arrival_zoo_common, layout_rooms, serial_co_window_serial,
          co_window_of_opportunity_a, co_window_of_opportunity_a,
          co_window_paths_a, co_window_of_opportunity_a, co_window_paths_a,
          co_window_broadway_b, co_window_corner_b, co_window_cross_4,
          co_window_paths_d
D:2:      layout_loops_corners, shapermc_ecumenical_altar_mp_ritualfount,
          uniq_natasha, uniq_sigmund, uniq_robin

Skill      XL: |  1  2  3  4  5 |
---------------+----------------+-----
Invocations    | 1 |  1.6
Short Blades   | 1 |  1.4
Long Blades    | 1 |  1.4
Axes           | 1 |  1.4
Maces & Flails | 1 |  1.4
Polearms       | 1 |  1.4
Staves         | 1 |  1.4
Slings         | 1 |  1.4
Bows           | 1 |  1.4
Throwing       | 1 |  1.4
Armour         | 1 |  1.4
Stealth        | 1 |  1.4
Shields        | 1 |  1.4
Unarmed Combat | 1 |  1.4
Evocations     | 1 |  1.4
Spellcasting   | 3 |  3.1
Conjurations   | 1 |  1.1
Summonings     | 1 |  1.1
Necromancy     | 1 |  1.1
Translocations | 1 |  1.1
Transmutations | 1 |  1.1
Fire Magic     | 1 |  1.1
Ice Magic      | 1 |  1.1
Air Magic      | 1 |  1.1
Earth Magic    | 1 |  1.1
Poison Magic   | 1 |  1.1
Fighting       | 3 |  3.0
Crossbows      | |  4.8
Dodging        | |  4.8
Hexes          | |  5.5

Action                   |  1- 3 |  4- 6 || total
-------------------------+-------+-------++-------
Melee: Dagger            |    80 |    35 ||   115
       Bite              |     6 |     1 ||     7
       Hand crossbow     |       |     2 ||     2
 Fire: Hand crossbow     |    37 |    41 ||    78
Armor: Scale mail        |     3 |       ||     3
       Plate armour      |    93 |    43 ||   136
Dodge: Dodged            |     5 |     4 ||     9
